 Dungeon Sprint DCSS version 0.31-a0-960-g0fca184906 (webtiles) character file.

Game seed: 11610454140321500877

14386 sircluck the Brawler (level 11, -49/111 (127) HPs)
             Began as a Troll Fighter on Oct 23, 2023.
             Was the Champion of Qazlal.
             Killed from afar by a Tzitzimitl (54 damage)
             ... with a bolt of negative energy
             ... in the Dungeon (Sprint VII: "The Pits").
             The game lasted 00:07:25 (1428 turns).

sircluck the Brawler (Troll Fighter)                Turns: 1428, Time: 00:07:26

HP:   -49/111 (127) AC:  8    Str: 30    XL:     11   Next: 88%
MP:   7/10          EV: 12    Int:  4    God:    Qazlal [******]
Gold: 22            SH: 20    Dex:  9    Spells: 10/10 levels left

rFire   . .          .
                       - Unarmed
rCold   . . .        b - +0 kite shield
rNeg    . . .        C - +0 troll leather armour
rPois   .            r - +0 hat {Will+}
rElec   .            (no cloak)
rCorr   .            (gloves unavailable)
SInv    .            (boots unavailable)
Will    ++...        (no amulet)
Stlth   +            n - +3 ring of protection
HPRegen 1.98/turn    v - ring of willpower
MPRegen 0.12/turn

%: no teleportation, repel missiles
@: heavily drained
A: large, unfitting armour, claws 3, regeneration 1, shaggy fur 1, tough skin 1
a: Renounce Religion, Upheaval, Elemental Force, Disaster Area


You were in the Dungeon.
You worshipped Qazlal.
Qazlal was exalted by your worship.
You visited 1 branch You collected 22 gold pieces.

Inventory:

Missiles
 s - 6 large rocks
Armour
 a - a +0 robe
 b - a +0 kite shield (worn)
 r - a +0 hat of willpower (worn)
 C - a +0 troll leather armour (worn)
Jewellery
 n - a +3 ring of protection (left claw)
 p - a +3 ring of intelligence
 v - a ring of willpower (right claw)
 B - a ring of willpower
Scrolls
 i - a scroll of blinking
 k - 2 scrolls of vulnerability
 l - 5 scrolls of amnesia
 m - a scroll of summoning
 u - a scroll of poison
 w - 3 scrolls of enchant weapon
 x - a scroll of fear
 y - 4 scrolls of enchant armour
 z - 2 scrolls of fog
 A - 4 scrolls of identify
Potions
 c - 3 potions of might
 d - 11 potions of curing
 e - 9 potions of heal wounds
 f - a potion of haste
 g - 4 potions of magic
 h - 2 potions of berserk rage
 j - 2 potions of invisibility
 o - a potion of resistance
 q - 2 potions of brilliance
 t - a potion of mutation


   Skills:
 + Level 13.2 Fighting
 + Level 0.0 Armour
 + Level 13.2 Dodging
 + Level 14.4 Shields
 + Level 15.4 Unarmed Combat


You had 10 spell levels left.
You didn't know any spells.
Your spell library contained the following spells:

 Spells                   Type           Power      Damage    Failure   Level
 Petrify                  Tmut/Erth      0%         N/A       100%        4
 Borgnjor's Vile Clutch   Necr/Erth      0%         N/A       100%        5


Dungeon Overview and Level Annotations

Branches:
Dungeon (1/1)

Altars:
Ashenzari
Cheibriados
Dithmenos
Elyvilon
Fedhas
Gozag
Hepliaklqana
Kikubaaqudgha
Makhleb
Nemelex Xobeh
Okawaru
Qazlal
Ru
Sif Muna
Trog
Uskayaw
Vehumet
Wu Jian
Xom
Yredelemnul
Zin
The Shining One
Jiyva
Lugonu


Innate Abilities, Weirdness & Mutations

You are too large for most types of armour.
You have claws for hands.
Your natural rate of healing is unusually fast.
You are covered in fur. (AC +1)
You have tough skin. (AC +1)


Message History

You block the Tzitzimitl's attack. The Tzitzimitl bites you!!
Aiming: Upheaval
Press: ? - help, Dir - move target The ground shakes violently, spewing rubble!
You block the Tzitzimitl's attack.
The Tzitzimitl bites you but does no damage.
Unknown command.
You barely miss the Tzitzimitl.
The Tzitzimitl is lightly wounded.
You miss the Tzitzimitl.
The Tzitzimitl is lightly wounded.
The Tzitzimitl engulfs you!!
* * * LOW HITPOINT WARNING * * *
The Tzitzimitl bites you but does no damage.
Unknown command.
You mangle the Tzitzimitl!!
The Tzitzimitl is heavily wounded.
The Tzitzimitl closely misses you. You block the Tzitzimitl's attack.
You closely miss the Tzitzimitl.
The Tzitzimitl is heavily wounded.
The Tzitzimitl engulfs you.
* * * LOW HITPOINT WARNING * * *
The Tzitzimitl bites you.
* * * LOW HITPOINT WARNING * * *
You feel drained.
* * * LOW HITPOINT WARNING * * *
Unknown command.
You completely miss the Tzitzimitl.
The Tzitzimitl is moderately wounded.
You miss the Tzitzimitl.
The Tzitzimitl is moderately wounded.
You block the Tzitzimitl's attack. The Tzitzimitl bites you!!
* * * LOW HITPOINT WARNING * * *
You feel drained.
* * * LOW HITPOINT WARNING * * *
Unknown command.
Unknown command.
The Tzitzimitl gestures at you. The bolt of negative energy hits you!!!
You feel drained.
You die...

#+# #.# #1#
#################'#
...............○@.#
...............†°○#
++##############..#
#..# #..# #..# #..#
#..# #..#


You could see a Tzitzimitl.

Vanquished Creatures
  Gastronok (D)
  A great orb of eyes (D)
  A rakshasa (D)
  A shadow wraith (D)
  A deep troll (D)
  2 orc knights (D)
  A sea snake (D)
  A bog body (D)
  3 deep elf zephyrmancers (D)
  3 orc sorcerers (D)
  A manticore (D)
  A cyclops (D)
  A rust devil (D)
  A smoke demon (D)
  An orange demon (D)
  A cane toad (D)
  A rime drake (D)
  An unseen horror (D)
  A red devil (D)
  A tyrant leech (D)
  A hornet (D)
  A tarantella (D)
  3 shadows (D)
  A fire bat (D)
  A spriggan (D)
  A wyvern (D)
  A redback (D)
  A chaos spawn (D)
  A small abomination (D)
  A warg (D)
  2 acid dragons (D)
  Duvessa (D)
  2 sky beasts (D)
  2 orc warriors (D)
  A centaur (D)
  An ogre (D)
  4 wolves (D)
  Blork the orc (D)
  A necrophage (D)
  A scorpion (D)
  A gnoll sergeant (D)
  8 wights (D)
  2 crimson imps (D)
  A jelly (D)
  A gnoll bouda (D)
  A hound (D)
  2 orc priests (D)
  Crazy Yiuf (D)
  A mummy (D)
  9 gnolls (D)
  2 river rats (D)
  A white imp (D)
  2 ufetubi (D)
  A worm (D)
  5 orcs (D)
  A ball python (D)
  A bat zombie (D)
  An endoplasm (D)
  A goblin (D)
  A hobgoblin (D)
  3 jackals (D)
  A giant cockroach zombie (D)
  2 kobolds (D)
  2 rats (D)
104 creatures vanquished.

Notes
Turn   | Place    | Note
-------+----------+-------------------------------------------
     0 | D        | sircluck the Troll Fighter began the quest for the Orb.
     0 | D        | Reached XP level 1. HP: 22/22 MP: 0/0
    23 | D        | Noticed a centaur
    34 | D        | Killed a centaur
    35 | D        | Reached skill level 4 in Unarmed Combat
    35 | D        | Reached XP level 2. HP: 21/32 MP: 1/1
    35 | D        | Reached XP level 3. HP: 25/39 MP: 2/2
    35 | D        | Reached XP level 4. HP: 31/48 MP: 3/3
   158 | D        | Noticed a shadow
   158 | D        | Noticed a tyrant leech
   173 | D        | Killed a tyrant leech
   174 | D        | Reached skill level 5 in Fighting
   174 | D        | Reached skill level 5 in Dodging
   174 | D        | Reached skill level 6 in Unarmed Combat
   174 | D        | Reached XP level 5. HP: 37/59 MP: 4/4
   174 | D        | Reached XP level 6. HP: 42/67 MP: 5/5
   179 | D        | Killed a shadow
   180 | D        | Reached skill level 7 in Unarmed Combat
   214 | D        | Found a bloodstained altar of Trog.
   214 | D        | Found a shimmering blue altar of Sif Muna.
   214 | D        | Found a viscous altar of Jiyva.
   214 | D        | Found a hazy altar of Hepliaklqana.
   214 | D        | Found an opulent altar of Gozag.
   215 | D        | Found a glowing golden altar of the Shining One.
   215 | D        | Found a glowing silver altar of Zin.
   215 | D        | Found a basalt altar of Yredelemnul.
   215 | D        | Found a shimmering altar of Xom.
   215 | D        | Found an ornate altar of the Wu Jian Council.
   215 | D        | Found a sacrificial altar of Ru.
   215 | D        | Found a stormy altar of Qazlal.
   215 | D        | Found an iron altar of Okawaru.
   215 | D        | Found a sparkling altar of Nemelex Xobeh.
   215 | D        | Found a burning altar of Makhleb.
   215 | D        | Found a blossoming altar of Fedhas.
   215 | D        | Found a white marble altar of Elyvilon.
   215 | D        | Found a shadowy altar of Dithmenos.
   215 | D        | Found a snail-covered altar of Cheibriados.
   217 | D        | Found a corrupted altar of Lugonu.
   217 | D        | Found a radiant altar of Vehumet.
   218 | D        | Found an ancient bone altar of Kikubaaqudgha.
   218 | D        | Found a hide-covered altar of Uskayaw.
   218 | D        | Found a broken altar of Ashenzari.
   221 | D        | Became a worshipper of Qazlal Stormbringer
   257 | D        | Reached * piety under Qazlal
   274 | D        | Reached ** piety under Qazlal
   283 | D        | Reached *** piety under Qazlal
   288 | D        | Reached XP level 7. HP: 76/76 MP: 6/6
   329 | D        | Noticed Blork the orc
   329 | D        | Noticed a fire bat
   342 | D        | Killed a fire bat
   343 | D        | Reached skill level 8 in Unarmed Combat
   349 | D        | Killed Blork the orc
   349 | D        | Reached **** piety under Qazlal
   414 | D        | Reached ***** piety under Qazlal
   417 | D        | Noticed an orc sorcerer
   424 | D        | Killed an orc sorcerer
   425 | D        | Reached skill level 9 in Unarmed Combat
   425 | D        | Reached XP level 8. HP: 52/88 MP: 7/7
   438 | D        | Noticed Duvessa
   446 | D        | Killed Duvessa
   493 | D        | Noticed a manticore
   505 | D        | Killed a manticore
   506 | D        | Reached skill level 10 in Unarmed Combat
   508 | D        | Reached ****** piety under Qazlal
   509 | D        | Reached XP level 9. HP: 45/98 MP: 8/8
   631 | D        | Noticed a bog body
   635 | D        | Reached skill level 10 in Shields
   647 | D        | Killed a bog body
   648 | D        | Reached skill level 11 in Unarmed Combat
   699 | D        | Noticed a rust devil
   699 | D        | Noticed a spriggan rider
   699 | D        | Noticed a rime drake
   700 | D        | Noticed a cane toad
   706 | D        | Killed a rime drake
   707 | D        | Reached skill level 10 in Fighting
   707 | D        | Reached skill level 10 in Dodging
   715 | D        | Killed a rust devil
   717 | D        | Killed a cane toad
   718 | D        | Reached skill level 12 in Unarmed Combat
   718 | D        | Reached XP level 10. HP: 48/111 MP: 9/9
   776 | D        | Noticed Gastronok
   782 | D        | Killed Gastronok
   796 | D        | Noticed a deep elf zephyrmancer
   799 | D        | Killed a deep elf zephyrmancer
   802 | D        | Noticed a smoke demon
   803 | D        | Noticed a deep elf zephyrmancer
   812 | D        | Killed a smoke demon
   813 | D        | Reached skill level 13 in Unarmed Combat
   825 | D        | Killed a deep elf zephyrmancer
   830 | D        | Noticed an orc sorcerer
   835 | D        | Paralysed by an orc sorcerer for 5 turns
   836 | D        | Killed an orc sorcerer
   837 | D        | Noticed an orc knight
   845 | D        | Noticed an orc knight
   847 | D        | Noticed an orc sorcerer
   852 | D        | Killed an orc knight
   853 | D        | Reached XP level 11. HP: 32/123 MP: 10/10
   879 | D        | Killed a shadow wraith
   882 | D        | Killed an orc knight
   883 | D        | Reached skill level 14 in Unarmed Combat
   884 | D        | Noticed a sun demon
   885 | D        | Killed an orc sorcerer
   984 | D        | Noticed Crazy Yiuf
   984 | D        | Noticed a rakshasa
   984 | D        | Noticed a sea snake
   984 | D        | Noticed a great orb of eyes
   985 | D        | Noticed a deep elf zephyrmancer
   988 | D        | Killed Crazy Yiuf
   992 | D        | Killed a sea snake
   999 | D        | Killed a great orb of eyes
  1025 | D        | Killed a rakshasa
  1029 | D        | HP: 6/125 [cyclops (18)]
  1045 | D        | Killed a deep elf zephyrmancer
  1046 | D        | Reached skill level 15 in Unarmed Combat
  1217 | D        | Got the Almanac of Clay
  1380 | D        | Noticed a deep troll
  1388 | D        | Killed a deep troll
  1418 | D        | Noticed a Tzitzimitl
  1427 | D        | HP: 5/125 [Tzitzimitl (21)]
  1428 | D        | Killed from afar by a Tzitzimitl

Illustrated notes

Levels and vault maps discovered:
D:        pitsprint [storerooms_1, entrance_room_1, metal_vault_1, armoury_1,
          mini_pit_1, grid_room_1, main_hall_1, silver_pit, the_coven_1,
          the_vestibule_1, steel_vault_2, golden_pit, hallway_of_sentries,
          crystal_vault_1, iron_vault_2, final_vault]

Skill      XL: |  1  2  3  4  5  6  7  8  9 10 11 |
---------------+----------------------------------+-----
Fighting       | 4 5 6 8 9 10 11 13 | 13.2
Dodging        | 4 5 6 8 9 10 11 13 | 13.2
Shields        | 4 6 7 8 9 11 12 14 | 14.4
Unarmed Combat | 4 6 7 9 10 12 13 15 | 15.4

Action                     |  1- 3 |  4- 6 |  7- 9 | 10-12 || total
---------------------------+-------+-------+-------+-------++-------
  Melee: Unarmed           |     9 |    47 |    99 |   162 ||   317
 Invoke: Upheaval          |       |       |       |     2 ||     2
    Use: Potion            |       |       |     2 |     7 ||     9
 Armour: Robe              |    14 |    19 |    47 |    85 ||   165
         Troll leather arm |       |       |       |     8 ||     8
  Dodge: Dodged            |     6 |    13 |    24 |    35 ||    78
         Repelled          |       |       |     4 |     1 ||     5
  Block: Kite shield       |     5 |    19 |    74 |   133 ||   231

Table legend: (Time is in decaauts)
 A = Elapsed time spent in this place.
 B = Non-inter-level travel time spent in this place.
 C = Inter-level travel time spent in this place.
 D = Time resting spent in this place.
 E = Time spent auto-exploring this place.
 F = Levels seen in this place.
 G = Mean time per level.
                   A        B        C        D        E       F      G
               +--------+--------+--------+--------+--------+-----+--------+
         Total |   1401 |   1373 |     28 |    277 |    359 |   1 | 1401.0 |
       Dungeon |   1401 |   1373 |     28 |    277 |    359 |   1 | 1401.0 |
               +--------+--------+--------+--------+--------+-----+--------+

Top non-repeatable levels by time:
       D: 1401 daAuts
